Workbook

Sheet Consolidated
A1: The ABC Company
A2: Detailed Income Statement
A3: Group: All
A4: Consolidated
A5: For the 12 Months Ending December 31, 2022
B8: Jan | C8: Feb | D8: Mar | E8: Apr | F8: May | G8: Jun | H8: Jul | I8: Aug | J8: Sep | K8: Oct | L8: Nov | M8: Dec | N8: Q1 | O8: Q2 | P8: Q3 | Q8: Q4 | R8: YTD
A10: Revenue:
A11: A Revenue | B11: =SUM(Midwest:Southwest!B11) -> 469012 | C11: =SUM(Midwest:Southwest!C11) -> 519535 | D11: =SUM(Midwest:Southwest!D11) -> 597440 | E11: =SUM(Midwest:Southwest!E11) -> 545957 | F11: =SUM(Midwest:Southwest!F11) -> 604766 | G11: =SUM(Midwest:Southwest!G11) -> 516562 | H11: =SUM(Midwest:Southwest!H11) -> 567465 | I11: =SUM(Midwest:Southwest!I11) -> 426964 | ... M11: =SUM(Midwest:Southwest!M11) -> 523296 | N11: =SUM(B11:D11) -> 1585987 | O11: =SUM(E11:G11) -> 1667285 | P11: =SUM(H11:J11) -> 1442676 | Q11: =SUM(K11:M11) -> 1415196 | R11: =SUM(B11:M11) -> 6111144
A12: B Revenue | B12: =SUM(Midwest:Southwest!B12) -> 457712 | C12: =SUM(Midwest:Southwest!C12) -> 571948 | D12: =SUM(Midwest:Southwest!D12) -> 588366 | E12: =SUM(Midwest:Southwest!E12) -> 548765 | F12: =SUM(Midwest:Southwest!F12) -> 587345 | G12: =SUM(Midwest:Southwest!G12) -> 585942 | H12: =SUM(Midwest:Southwest!H12) -> 526403 | I12: =SUM(Midwest:Southwest!I12) -> 574628 | ... M12: =SUM(Midwest:Southwest!M12) -> 527351 | N12: =SUM(B12:D12) -> 1618026 | O12: =SUM(E12:G12) -> 1722052 | P12: =SUM(H12:J12) -> 1626206 | Q12: =SUM(K12:M12) -> 1505847 | R12: =SUM(B12:M12) -> 6472131
A13: C Revenue | B13: =SUM(Midwest:Southwest!B13) -> 417148 | C13: =SUM(Midwest:Southwest!C13) -> 627232 | D13: =SUM(Midwest:Southwest!D13) -> 406709 | E13: =SUM(Midwest:Southwest!E13) -> 475819 | F13: =SUM(Midwest:Southwest!F13) -> 499689 | G13: =SUM(Midwest:Southwest!G13) -> 554718 | H13: =SUM(Midwest:Southwest!H13) -> 586096 | I13: =SUM(Midwest:Southwest!I13) -> 478646 | ... M13: =SUM(Midwest:Southwest!M13) -> 470441 | N13: =SUM(B13:D13) -> 1451089 | O13: =SUM(E13:G13) -> 1530226 | P13: =SUM(H13:J13) -> 1692032 | Q13: =SUM(K13:M13) -> 1444549 | R13: =SUM(B13:M13) -> 6117896
A14: Total Revenue | B14: =SUM(B11:B13) -> 1343872 | C14: =SUM(C11:C13) -> 1718715 | D14: =SUM(D11:D13) -> 1592515 | E14: =SUM(E11:E13) -> 1570541 | F14: =SUM(F11:F13) -> 1691800 | G14: =SUM(G11:G13) -> 1657222 | H14: =SUM(H11:H13) -> 1679964 | I14: =SUM(I11:I13) -> 1480238 | ... R14: =SUM(R11:R13) -> 18701171
A16: Cost of Goods Sold:
A17: A Costs
A18: A1 Costs | B18: =SUM(Midwest:Southwest!B18) -> 322559 | C18: =SUM(Midwest:Southwest!C18) -> 378642 | D18: =SUM(Midwest:Southwest!D18) -> 251719 | E18: =SUM(Midwest:Southwest!E18) -> 261886 | F18: =SUM(Midwest:Southwest!F18) -> 371675 | G18: =SUM(Midwest:Southwest!G18) -> 266632 | H18: =SUM(Midwest:Southwest!H18) -> 262902 | I18: =SUM(Midwest:Southwest!I18) -> 275100 | ... M18: =SUM(Midwest:Southwest!M18) -> 261530 | N18: =SUM(B18:D18) -> 952920 | O18: =SUM(E18:G18) -> 900193 | P18: =SUM(H18:J18) -> 803576 | Q18: =SUM(K18:M18) -> 793420 | R18: =SUM(B18:M18) -> 3450109
A19: A2 Costs | B19: =SUM(Midwest:Southwest!B19) -> 187342 | C19: =SUM(Midwest:Southwest!C19) -> 262628 | D19: =SUM(Midwest:Southwest!D19) -> 350582 | E19: =SUM(Midwest:Southwest!E19) -> 280635 | F19: =SUM(Midwest:Southwest!F19) -> 369393 | G19: =SUM(Midwest:Southwest!G19) -> 287851 | H19: =SUM(Midwest:Southwest!H19) -> 285892 | I19: =SUM(Midwest:Southwest!I19) -> 333821 | ... M19: =SUM(Midwest:Southwest!M19) -> 313702 | N19: =SUM(B19:D19) -> 800552 | O19: =SUM(E19:G19) -> 937879 | P19: =SUM(H19:J19) -> 964407 | Q19: =SUM(K19:M19) -> 810500 | R19: =SUM(B19:M19) -> 3513338
A20: Total A Costs | B20: =SUM(B18:B19) -> 509901 | C20: =SUM(C18:C19) -> 641270 | D20: =SUM(D18:D19) -> 602301 | E20: =SUM(E18:E19) -> 542521 | F20: =SUM(F18:F19) -> 741068 | G20: =SUM(G18:G19) -> 554483 | H20: =SUM(H18:H19) -> 548794 | I20: =SUM(I18:I19) -> 608921 | ... M20: =SUM(M18:M19) -> 575232 | N20: =SUM(B20:D20) -> 1753472 | O20: =SUM(E20:G20) -> 1838072 | P20: =SUM(H20:J20) -> 1767983 | Q20: =SUM(K20:M20) -> 1603920 | R20: =SUM(B20:M20) -> 6963447
A21: B Costs | B21: =SUM(Midwest:Southwest!B21) -> 241864 | C21: =SUM(Midwest:Southwest!C21) -> 299829 | D21: =SUM(Midwest:Southwest!D21) -> 149424 | E21: =SUM(Midwest:Southwest!E21) -> 181320 | F21: =SUM(Midwest:Southwest!F21) -> 289924 | G21: =SUM(Midwest:Southwest!G21) -> 310019 | H21: =SUM(Midwest:Southwest!H21) -> 320364 | I21: =SUM(Midwest:Southwest!I21) -> 219452 | ... M21: =SUM(Midwest:Southwest!M21) -> 387849 | N21: =SUM(B21:D21) -> 691117 | O21: =SUM(E21:G21) -> 781263 | P21: =SUM(H21:J21) -> 837625 | Q21: =SUM(K21:M21) -> 1077314 | R21: =SUM(B21:M21) -> 3387319
A22: C Costs | B22: =SUM(Midwest:Southwest!B22) -> 305850 | C22: =SUM(Midwest:Southwest!C22) -> 323548 | D22: =SUM(Midwest:Southwest!D22) -> 326686 | E22: =SUM(Midwest:Southwest!E22) -> 198002 | F22: =SUM(Midwest:Southwest!F22) -> 326839 | G22: =SUM(Midwest:Southwest!G22) -> 166034 | H22: =SUM(Midwest:Southwest!H22) -> 275937 | I22: =SUM(Midwest:Southwest!I22) -> 303682 | ... M22: =SUM(Midwest:Southwest!M22) -> 299836 | N22: =SUM(B22:D22) -> 956084 | O22: =SUM(E22:G22) -> 690875 | P22: =SUM(H22:J22) -> 933319 | Q22: =SUM(K22:M22) -> 746444 | R22: =SUM(B22:M22) -> 3326722
A23: Total COGS | B23: =SUM(B20:B22) -> 1057615 | C23: =SUM(C20:C22) -> 1264647 | D23: =SUM(D20:D22) -> 1078411 | E23: =SUM(E20:E22) -> 921843 | F23: =SUM(F20:F22) -> 1357831 | G23: =SUM(G20:G22) -> 1030536 | H23: =SUM(H20:H22) -> 1145095 | I23: =SUM(I20:I22) -> 1132055 | ... R23: =SUM(R20:R22) -> 13677488
A25: Total Gross Profit | B25: =B14-B23 -> 286257 | C25: =C14-C23 -> 454068 | D25: =D14-D23 -> 514104 | E25: =E14-E23 -> 648698 | F25: =F14-F23 -> 333969 | G25: =G14-G23 -> 626686 | H25: =H14-H23 -> 534869 | I25: =I14-I23 -> 348183 | ... R25: =R14-R23 -> 5023683
A27: Operating Expenses:
A28: Sales & Marketing | B28: =SUM(Midwest:Southwest!B28) -> 256431 | C28: =SUM(Midwest:Southwest!C28) -> 225843 | D28: =SUM(Midwest:Southwest!D28) -> 277259 | E28: =SUM(Midwest:Southwest!E28) -> 311246 | F28: =SUM(Midwest:Southwest!F28) -> 248964 | G28: =SUM(Midwest:Southwest!G28) -> 259206 | H28: =SUM(Midwest:Southwest!H28) -> 350904 | I28: =SUM(Midwest:Southwest!I28) -> 263528 | ... M28: =SUM(Midwest:Southwest!M28) -> 161736 | N28: =SUM(B29:D29) -> 722925 | O28: =SUM(E29:G29) -> 938753 | P28: =SUM(H29:J29) -> 873434 | Q28: =SUM(K29:M29) -> 831544 | R28: =SUM(B29:M29) -> 3366656
A29: G&A | B29: =SUM(Midwest:Southwest!B29) -> 252852 | C29: =SUM(Midwest:Southwest!C29) -> 278974 | D29: =SUM(Midwest:Southwest!D29) -> 191099 | E29: =SUM(Midwest:Southwest!E29) -> 262886 | F29: =SUM(Midwest:Southwest!F29) -> 344469 | G29: =SUM(Midwest:Southwest!G29) -> 331398 | H29: =SUM(Midwest:Southwest!H29) -> 263831 | I29: =SUM(Midwest:Southwest!I29) -> 288656 | ... M29: =SUM(Midwest:Southwest!M29) -> 223421 | N29: =SUM(B28:D28) -> 759533 | O29: =SUM(E28:G28) -> 819416 | P29: =SUM(H28:J28) -> 866443 | Q29: =SUM(K28:M28) -> 752802 | R29: =SUM(B28:M28) -> 3198194
A30: R&D | B30: =SUM(Midwest:Southwest!B30) -> 284072 | C30: =SUM(Midwest:Southwest!C30) -> 396107 | D30: =SUM(Midwest:Southwest!D30) -> 277695 | E30: =SUM(Midwest:Southwest!E30) -> 261207 | F30: =SUM(Midwest:Southwest!F30) -> 366487 | G30: =SUM(Midwest:Southwest!G30) -> 221720 | H30: =SUM(Midwest:Southwest!H30) -> 329483 | I30: =SUM(Midwest:Southwest!I30) -> 381221 | ... M30: =SUM(Midwest:Southwest!M30) -> 316533 | N30: =SUM(B30:D30) -> 957874 | O30: =SUM(E30:G30) -> 849414 | P30: =SUM(H30:J30) -> 973422 | Q30: =SUM(K30:M30) -> 876794 | R30: =SUM(B30:M30) -> 3657504
A31: Total Operating Expenses | B31: =SUM(B28:B30) -> 793355 | C31: =SUM(C28:C30) -> 900924 | D31: =SUM(D28:D30) -> 746053 | E31: =SUM(E28:E30) -> 835339 | F31: =SUM(F28:F30) -> 959920 | G31: =SUM(G28:G30) -> 812324 | H31: =SUM(H28:H30) -> 944218 | I31: =SUM(I28:I30) -> 933405 | ... R31: =SUM(R28:R30) -> 10222354
A33: Total Net Income | B33: =B25-B31 -> -507098 | C33: =C25-C31 -> -446856 | D33: =D25-D31 -> -231949 | E33: =E25-E31 -> -186641 | F33: =F25-F31 -> -625951 | G33: =G25-G31 -> -185638 | H33: =H25-H31 -> -409349 | I33: =I25-I31 -> -585222 | ... R33: =R25-R31 -> -5198671
A36: Useless stuff at the bottom of an exported report…. HIDE THIS ROW!

Sheet Midwest
A1: The ABC Company
A2: Detailed Income Statement
A3: Group: East
A4: Midwest Region
A5: For the 12 Months Ending December 31, 2015
B8: Jan | C8: Feb | D8: Mar | E8: Apr | F8: May | G8: Jun | H8: Jul | I8: Aug | J8: Sep | K8: Oct | L8: Nov | M8: Dec | N8: Q1 | O8: Q2 | P8: Q3 | Q8: Q4 | R8: YTD
A10: Revenue:
A11: A Revenue | B11: 228342 | C11: 287765 | D11: 248975 | E11: 274970 | F11: 292307 | G11: 204497 | H11: 273312 | I11: 207235 | J11: 267501 | K11: 201386 | L11: 245778 | M11: 243709 | N11: =SUM(B11:D11) -> 765082 | O11: =SUM(E11:G11) -> 771774 | P11: =SUM(H11:J11) -> 748048 | Q11: =SUM(K11:M11) -> 690873 | R11: =SUM(B11:M11) -> 2975777
A12: B Revenue | B12: 225240 | C12: 265247 | D12: 244077 | E12: 276503 | F12: 257307 | G12: 297920 | H12: 254165 | I12: 285706 | J12: 265944 | K12: 268547 | L12: 213950 | M12: 246704 | N12: =SUM(B12:D12) -> 734564 | O12: =SUM(E12:G12) -> 831730 | P12: =SUM(H12:J12) -> 805815 | Q12: =SUM(K12:M12) -> 729201 | R12: =SUM(B12:M12) -> 3101310
A13: C Revenue | B13: 234400 | C13: 286708 | D13: 245760 | E13: 287097 | F13: 226871 | G13: 267708 | H13: 284037 | I13: 228863 | J13: 298957 | K13: 273613 | L13: 234972 | M13: 278650 | N13: =SUM(B13:D13) -> 766868 | O13: =SUM(E13:G13) -> 781676 | P13: =SUM(H13:J13) -> 811857 | Q13: =SUM(K13:M13) -> 787235 | R13: =SUM(B13:M13) -> 3147636
A14: Total Revenue | B14: =SUM(B11:B13) -> 687982 | C14: =SUM(C11:C13) -> 839720 | D14: =SUM(D11:D13) -> 738812 | E14: =SUM(E11:E13) -> 838570 | F14: =SUM(F11:F13) -> 776485 | G14: =SUM(G11:G13) -> 770125 | H14: =SUM(H11:H13) -> 811514 | I14: =SUM(I11:I13) -> 721804 | ... R14: =SUM(R11:R13) -> 9224723
A16: Cost of Goods Sold:
A17: A Costs
A18: A1 Costs | B18: 113730 | C18: 124651 | D18: 97938 | E18: 78426 | F18: 116339 | G18: 82644 | H18: 113158 | I18: 72005 | J18: 108578 | K18: 89108 | L18: 84711 | M18: 121465 | N18: =SUM(B18:D18) -> 336319 | O18: =SUM(E18:G18) -> 277409 | P18: =SUM(H18:J18) -> 293741 | Q18: =SUM(K18:M18) -> 295284 | R18: =SUM(B18:M18) -> 1202753
A19: A2 Costs | B19: 65608 | C19: 56445 | D19: 84935 | E19: 59966 | F19: 99631 | G19: 82109 | H19: 105082 | I19: 99878 | J19: 98657 | K19: 68507 | L19: 120353 | M19: 89530 | N19: =SUM(B19:D19) -> 206988 | O19: =SUM(E19:G19) -> 241706 | P19: =SUM(H19:J19) -> 303617 | Q19: =SUM(K19:M19) -> 278390 | R19: =SUM(B19:M19) -> 1030701
A20: Total A Costs | B20: =SUM(B18:B19) -> 179338 | C20: =SUM(C18:C19) -> 181096 | D20: =SUM(D18:D19) -> 182873 | E20: =SUM(E18:E19) -> 138392 | F20: =SUM(F18:F19) -> 215970 | G20: =SUM(G18:G19) -> 164753 | H20: =SUM(H18:H19) -> 218240 | I20: =SUM(I18:I19) -> 171883 | ... M20: =SUM(M18:M19) -> 210995 | N20: =SUM(B20:D20) -> 543307 | O20: =SUM(E20:G20) -> 519115 | P20: =SUM(H20:J20) -> 597358 | Q20: =SUM(K20:M20) -> 573674 | R20: =SUM(B20:M20) -> 2233454
A21: B Costs | B21: 54670 | C21: 89882 | D21: 68949 | E21: 74932 | F21: 57257 | G21: 57177 | H21: 114307 | I21: 54634 | J21: 118443 | K21: 99465 | L21: 116210 | M21: 118579 | N21: =SUM(B21:D21) -> 213501 | O21: =SUM(E21:G21) -> 189366 | P21: =SUM(H21:J21) -> 287384 | Q21: =SUM(K21:M21) -> 334254 | R21: =SUM(B21:M21) -> 1024505
A22: C Costs | B22: 58522 | C22: 69597 | D22: 124438 | E22: 65690 | F22: 102973 | G22: 50903 | H22: 71635 | I22: 106890 | J22: 100142 | K22: 106235 | L22: 94120 | M22: 109648 | N22: =SUM(B22:D22) -> 252557 | O22: =SUM(E22:G22) -> 219566 | P22: =SUM(H22:J22) -> 278667 | Q22: =SUM(K22:M22) -> 310003 | R22: =SUM(B22:M22) -> 1060793
A23: Total COGS | B23: =SUM(B20:B22) -> 292530 | C23: =SUM(C20:C22) -> 340575 | D23: =SUM(D20:D22) -> 376260 | E23: =SUM(E20:E22) -> 279014 | F23: =SUM(F20:F22) -> 376200 | G23: =SUM(G20:G22) -> 272833 | H23: =SUM(H20:H22) -> 404182 | I23: =SUM(I20:I22) -> 333407 | ... R23: =SUM(R20:R22) -> 4318752
A25: Total Gross Profit | B25: =B14-B23 -> 395452 | C25: =C14-C23 -> 499145 | D25: =D14-D23 -> 362552 | E25: =E14-E23 -> 559556 | F25: =F14-F23 -> 400285 | G25: =G14-G23 -> 497292 | H25: =H14-H23 -> 407332 | I25: =I14-I23 -> 388397 | ... R25: =R14-R23 -> 4905971
A27: Operating Expenses:
A28: Sales & Marketing | B28: 106672 | C28: 80248 | D28: 76323 | E28: 112991 | F28: 66496 | G28: 66633 | H28: 102432 | I28: 110361 | J28: 107976 | K28: 86757 | L28: 102125 | M28: 51685 | N28: =SUM(B29:D29) -> 338915 | O28: =SUM(E29:G29) -> 273175 | P28: =SUM(H29:J29) -> 296062 | Q28: =SUM(K29:M29) -> 239146 | R28: =SUM(B29:M29) -> 1147298
A29: G&A | B29: 120201 | C29: 116655 | D29: 102059 | E29: 119535 | F29: 100751 | G29: 52889 | H29: 58855 | I29: 124611 | J29: 112596 | K29: 90483 | L29: 81876 | M29: 66787 | N29: =SUM(B28:D28) -> 263243 | O29: =SUM(E28:G28) -> 246120 | P29: =SUM(H28:J28) -> 320769 | Q29: =SUM(K28:M28) -> 240567 | R29: =SUM(B28:M28) -> 1070699
A30: R&D | B30: 116909 | C30: 104807 | D30: 59811 | E30: 77171 | F30: 75438 | G30: 63372 | H30: 88036 | I30: 116416 | J30: 77771 | K30: 100042 | L30: 53454 | M30: 96936 | N30: =SUM(B30:D30) -> 281527 | O30: =SUM(E30:G30) -> 215981 | P30: =SUM(H30:J30) -> 282223 | Q30: =SUM(K30:M30) -> 250432 | R30: =SUM(B30:M30) -> 1030163
A31: Total Operating Expenses | B31: =SUM(B28:B30) -> 343782 | C31: =SUM(C28:C30) -> 301710 | D31: =SUM(D28:D30) -> 238193 | E31: =SUM(E28:E30) -> 309697 | F31: =SUM(F28:F30) -> 242685 | G31: =SUM(G28:G30) -> 182894 | H31: =SUM(H28:H30) -> 249323 | I31: =SUM(I28:I30) -> 351388 | ... R31: =SUM(R28:R30) -> 3248160
A33: Total Net Income | B33: =B25-B31 -> 51670 | C33: =C25-C31 -> 197435 | D33: =D25-D31 -> 124359 | E33: =E25-E31 -> 249859 | F33: =F25-F31 -> 157600 | G33: =G25-G31 -> 314398 | H33: =H25-H31 -> 158009 | I33: =I25-I31 -> 37009 | ... R33: =R25-R31 -> 1657811
A36: Useless stuff at the bottom of an exported report…. HIDE THIS ROW!

Sheet Northeast
A1: The ABC Company
A2: Detailed Income Statement
A3: Group: East
A4: Northeast Region
A5: For the 12 Months Ending December 31, 2015
B8: Jan | C8: Feb | D8: Mar | E8: Apr | F8: May | G8: Jun | H8: Jul | I8: Aug | J8: Sep | K8: Oct | L8: Nov | M8: Dec | N8: Q1 | O8: Q2 | P8: Q3 | Q8: Q4 | R8: YTD
A10: Revenue:
A11: A Revenue | B11: 29338 | C11: 110242 | D11: 140370 | E11: 71329 | F11: 114654 | G11: 89291 | H11: 125727 | I11: 67054 | J11: 30249 | K11: 99675 | L11: 56712 | M11: 69405 | N11: =SUM(B11:D11) -> 279950 | O11: =SUM(E11:G11) -> 275274 | P11: =SUM(H11:J11) -> 223030 | Q11: =SUM(K11:M11) -> 225792 | R11: =SUM(B11:M11) -> 1004046
A12: B Revenue | B12: 68850 | C12: 141483 | D12: 119736 | E12: 50643 | F12: 145202 | G12: 112466 | H12: 103550 | I12: 129125 | J12: 126105 | K12: 39787 | L12: 109126 | M12: 85508 | N12: =SUM(B12:D12) -> 330069 | O12: =SUM(E12:G12) -> 308311 | P12: =SUM(H12:J12) -> 358780 | Q12: =SUM(K12:M12) -> 234421 | R12: =SUM(B12:M12) -> 1231581
A13: C Revenue | B13: 50772 | C13: 144557 | D13: 26593 | E13: 64259 | F13: 126360 | G13: 135575 | H13: 117606 | I13: 123648 | J13: 126212 | K13: 76705 | L13: 32594 | M13: 28071 | N13: =SUM(B13:D13) -> 221922 | O13: =SUM(E13:G13) -> 326194 | P13: =SUM(H13:J13) -> 367466 | Q13: =SUM(K13:M13) -> 137370 | R13: =SUM(B13:M13) -> 1052952
A14: Total Revenue | B14: =SUM(B11:B13) -> 148960 | C14: =SUM(C11:C13) -> 396282 | D14: =SUM(D11:D13) -> 286699 | E14: =SUM(E11:E13) -> 186231 | F14: =SUM(F11:F13) -> 386216 | G14: =SUM(G11:G13) -> 337332 | H14: =SUM(H11:H13) -> 346883 | I14: =SUM(I11:I13) -> 319827 | ... R14: =SUM(R11:R13) -> 3288579
A16: Cost of Goods Sold:
A17: A Costs
A18: A1 Costs | B18: 120159 | C18: 131051 | D18: 122972 | E18: 50888 | F18: 136872 | G18: 107389 | H18: 75768 | I18: 145023 | J18: 56273 | K18: 88652 | L18: 83010 | M18: 58497 | N18: =SUM(B18:D18) -> 374182 | O18: =SUM(E18:G18) -> 295149 | P18: =SUM(H18:J18) -> 277064 | Q18: =SUM(K18:M18) -> 230159 | R18: =SUM(B18:M18) -> 1176554
A19: A2 Costs | B19: 42763 | C19: 70959 | D19: 95335 | E19: 105015 | F19: 144057 | G19: 77666 | H19: 119484 | I19: 124955 | J19: 115970 | K19: 47423 | L19: 78525 | M19: 76803 | N19: =SUM(B19:D19) -> 209057 | O19: =SUM(E19:G19) -> 326738 | P19: =SUM(H19:J19) -> 360409 | Q19: =SUM(K19:M19) -> 202751 | R19: =SUM(B19:M19) -> 1098955
A20: Total A Costs | B20: =SUM(B18:B19) -> 162922 | C20: =SUM(C18:C19) -> 202010 | D20: =SUM(D18:D19) -> 218307 | E20: =SUM(E18:E19) -> 155903 | F20: =SUM(F18:F19) -> 280929 | G20: =SUM(G18:G19) -> 185055 | H20: =SUM(H18:H19) -> 195252 | I20: =SUM(I18:I19) -> 269978 | ... M20: =SUM(M18:M19) -> 135300 | N20: =SUM(B20:D20) -> 583239 | O20: =SUM(E20:G20) -> 621887 | P20: =SUM(H20:J20) -> 637473 | Q20: =SUM(K20:M20) -> 432910 | R20: =SUM(B20:M20) -> 2275509
A21: B Costs | B21: 108379 | C21: 129572 | D21: 35957 | E21: 25648 | F21: 97790 | G21: 137688 | H21: 93826 | I21: 113373 | J21: 120932 | K21: 128913 | L21: 148049 | M21: 129639 | N21: =SUM(B21:D21) -> 273908 | O21: =SUM(E21:G21) -> 261126 | P21: =SUM(H21:J21) -> 328131 | Q21: =SUM(K21:M21) -> 406601 | R21: =SUM(B21:M21) -> 1269766
A22: C Costs | B22: 133518 | C22: 123724 | D22: 111259 | E22: 38982 | F22: 115388 | G22: 47405 | H22: 41929 | I22: 89623 | J22: 120844 | K22: 85002 | L22: 39627 | M22: 117250 | N22: =SUM(B22:D22) -> 368501 | O22: =SUM(E22:G22) -> 201775 | P22: =SUM(H22:J22) -> 252396 | Q22: =SUM(K22:M22) -> 241879 | R22: =SUM(B22:M22) -> 1064551
A23: Total COGS | B23: =SUM(B20:B22) -> 404819 | C23: =SUM(C20:C22) -> 455306 | D23: =SUM(D20:D22) -> 365523 | E23: =SUM(E20:E22) -> 220533 | F23: =SUM(F20:F22) -> 494107 | G23: =SUM(G20:G22) -> 370148 | H23: =SUM(H20:H22) -> 331007 | I23: =SUM(I20:I22) -> 472974 | ... R23: =SUM(R20:R22) -> 4609826
A25: Total Gross Profit | B25: =B14-B23 -> -255859 | C25: =C14-C23 -> -59024 | D25: =D14-D23 -> -78824 | E25: =E14-E23 -> -34302 | F25: =F14-F23 -> -107891 | G25: =G14-G23 -> -32816 | H25: =H14-H23 -> 15876 | I25: =I14-I23 -> -153147 | ... R25: =R14-R23 -> -1321247
A27: Operating Expenses:
A28: Sales & Marketing | B28: 86431 | C28: 49816 | D28: 118328 | E28: 79272 | F28: 106695 | G28: 118283 | H28: 128103 | I28: 44604 | J28: 41412 | K28: 121117 | L28: 105837 | M28: 32335 | N28: =SUM(B29:D29) -> 152677 | O28: =SUM(E29:G29) -> 245096 | P28: =SUM(H29:J29) -> 254939 | Q28: =SUM(K29:M29) -> 231480 | R28: =SUM(B29:M29) -> 884192
A29: G&A | B29: 49931 | C29: 69818 | D29: 32928 | E29: 32873 | F29: 71297 | G29: 140926 | H29: 80517 | I29: 86227 | J29: 88195 | K29: 66346 | L29: 114413 | M29: 50721 | N29: =SUM(B28:D28) -> 254575 | O29: =SUM(E28:G28) -> 304250 | P29: =SUM(H28:J28) -> 214119 | Q29: =SUM(K28:M28) -> 259289 | R29: =SUM(B28:M28) -> 1032233
A30: R&D | B30: 55311 | C30: 146121 | D30: 145170 | E30: 45388 | F30: 146819 | G30: 82386 | H30: 141368 | I30: 147847 | J30: 71146 | K30: 108964 | L30: 48101 | M30: 131346 | N30: =SUM(B30:D30) -> 346602 | O30: =SUM(E30:G30) -> 274593 | P30: =SUM(H30:J30) -> 360361 | Q30: =SUM(K30:M30) -> 288411 | R30: =SUM(B30:M30) -> 1269967
A31: Total Operating Expenses | B31: =SUM(B28:B30) -> 191673 | C31: =SUM(C28:C30) -> 265755 | D31: =SUM(D28:D30) -> 296426 | E31: =SUM(E28:E30) -> 157533 | F31: =SUM(F28:F30) -> 324811 | G31: =SUM(G28:G30) -> 341595 | H31: =SUM(H28:H30) -> 349988 | I31: =SUM(I28:I30) -> 278678 | ... R31: =SUM(R28:R30) -> 3186392
A33: Total Net Income | B33: =B25-B31 -> -447532 | C33: =C25-C31 -> -324779 | D33: =D25-D31 -> -375250 | E33: =E25-E31 -> -191835 | F33: =F25-F31 -> -432702 | G33: =G25-G31 -> -374411 | H33: =H25-H31 -> -334112 | I33: =I25-I31 -> -431825 | ... R33: =R25-R31 -> -4507639
A36: Useless stuff at the bottom of an exported report…. HIDE THIS ROW!

Sheet Northwest
A1: The ABC Company
A2: Detailed Income Statement
A3: Group: West
A4: Southwest Region
A5: For the 12 Months Ending December 31, 2015
B8: Jan | C8: Feb | D8: Mar | E8: Apr | F8: May | G8: Jun | H8: Jul | I8: Aug | J8: Sep | K8: Oct | L8: Nov | M8: Dec | N8: Q1 | O8: Q2 | P8: Q3 | Q8: Q4 | R8: YTD
A10: Revenue:
A11: A Revenue | B11: 71031 | C11: 20829 | D11: 73542 | E11: 54636 | F11: 65991 | G11: 80508 | H11: 45045 | I11: 44673 | J11: 38536 | K11: 33423 | L11: 16784 | M11: 75872 | N11: =SUM(B11:D11) -> 165402 | O11: =SUM(E11:G11) -> 201135 | P11: =SUM(H11:J11) -> 128254 | Q11: =SUM(K11:M11) -> 126079 | R11: =SUM(B11:M11) -> 620870
A12: B Revenue | B12: 52580 | C12: 51565 | D12: 85502 | E12: 74836 | F12: 80299 | G12: 45804 | H12: 51907 | I12: 42946 | J12: 19236 | K12: 65567 | L12: 31505 | M12: 71886 | N12: =SUM(B12:D12) -> 189647 | O12: =SUM(E12:G12) -> 200939 | P12: =SUM(H12:J12) -> 114089 | Q12: =SUM(K12:M12) -> 168958 | R12: =SUM(B12:M12) -> 673633
A13: C Revenue | B13: 19410 | C13: 66047 | D13: 23172 | E13: 13994 | F13: 21253 | G13: 22238 | H13: 39323 | I13: 19505 | J13: 80404 | K13: 67805 | L13: 42263 | M13: 21099 | N13: =SUM(B13:D13) -> 108629 | O13: =SUM(E13:G13) -> 57485 | P13: =SUM(H13:J13) -> 139232 | Q13: =SUM(K13:M13) -> 131167 | R13: =SUM(B13:M13) -> 436513
A14: Total Revenue | B14: =SUM(B11:B13) -> 143021 | C14: =SUM(C11:C13) -> 138441 | D14: =SUM(D11:D13) -> 182216 | E14: =SUM(E11:E13) -> 143466 | F14: =SUM(F11:F13) -> 167543 | G14: =SUM(G11:G13) -> 148550 | H14: =SUM(H11:H13) -> 136275 | I14: =SUM(I11:I13) -> 107124 | ... R14: =SUM(R11:R13) -> 1731016
A16: Cost of Goods Sold:
A17: A Costs
A18: A1 Costs | B18: 45081 | C18: 49278 | D18: 14507 | E18: 55429 | F18: 56276 | G18: 22624 | H18: 16150 | I18: 34624 | J18: 88828 | K18: 85814 | L18: 21986 | M18: 32324 | N18: =SUM(B18:D18) -> 108866 | O18: =SUM(E18:G18) -> 134329 | P18: =SUM(H18:J18) -> 139602 | Q18: =SUM(K18:M18) -> 140124 | R18: =SUM(B18:M18) -> 522921
A19: A2 Costs | B19: 60399 | C19: 69054 | D19: 85224 | E19: 62147 | F19: 79071 | G19: 68444 | H19: 17389 | I19: 66258 | J19: 68603 | K19: 14961 | L19: 65937 | M19: 75907 | N19: =SUM(B19:D19) -> 214677 | O19: =SUM(E19:G19) -> 209662 | P19: =SUM(H19:J19) -> 152250 | Q19: =SUM(K19:M19) -> 156805 | R19: =SUM(B19:M19) -> 733394
A20: Total A Costs | B20: =SUM(B18:B19) -> 105480 | C20: =SUM(C18:C19) -> 118332 | D20: =SUM(D18:D19) -> 99731 | E20: =SUM(E18:E19) -> 117576 | F20: =SUM(F18:F19) -> 135347 | G20: =SUM(G18:G19) -> 91068 | H20: =SUM(H18:H19) -> 33539 | I20: =SUM(I18:I19) -> 100882 | ... M20: =SUM(M18:M19) -> 108231 | N20: =SUM(B20:D20) -> 323543 | O20: =SUM(E20:G20) -> 343991 | P20: =SUM(H20:J20) -> 291852 | Q20: =SUM(K20:M20) -> 296929 | R20: =SUM(B20:M20) -> 1256315
A21: B Costs | B21: 56257 | C21: 37313 | D21: 21059 | E21: 31218 | F21: 76757 | G21: 57242 | H21: 50341 | I21: 30280 | J21: 31985 | K21: 77353 | L21: 27048 | M21: 58487 | N21: =SUM(B21:D21) -> 114629 | O21: =SUM(E21:G21) -> 165217 | P21: =SUM(H21:J21) -> 112606 | Q21: =SUM(K21:M21) -> 162888 | R21: =SUM(B21:M21) -> 555340
A22: C Costs | B22: 87653 | C22: 54340 | D22: 72131 | E22: 61498 | F22: 85638 | G22: 14501 | H22: 72595 | I22: 19589 | J22: 60240 | K22: 25493 | L22: 51118 | M22: 55656 | N22: =SUM(B22:D22) -> 214124 | O22: =SUM(E22:G22) -> 161637 | P22: =SUM(H22:J22) -> 152424 | Q22: =SUM(K22:M22) -> 132267 | R22: =SUM(B22:M22) -> 660452
A23: Total COGS | B23: =SUM(B20:B22) -> 249390 | C23: =SUM(C20:C22) -> 209985 | D23: =SUM(D20:D22) -> 192921 | E23: =SUM(E20:E22) -> 210292 | F23: =SUM(F20:F22) -> 297742 | G23: =SUM(G20:G22) -> 162811 | H23: =SUM(H20:H22) -> 156475 | I23: =SUM(I20:I22) -> 150751 | ... R23: =SUM(R20:R22) -> 2472107
A25: Total Gross Profit | B25: =B14-B23 -> -106369 | C25: =C14-C23 -> -71544 | D25: =D14-D23 -> -10705 | E25: =E14-E23 -> -66826 | F25: =F14-F23 -> -130199 | G25: =G14-G23 -> -14261 | H25: =H14-H23 -> -20200 | I25: =I14-I23 -> -43627 | ... R25: =R14-R23 -> -741091
A27: Operating Expenses:
A28: Sales & Marketing | B28: 42062 | C28: 55681 | D28: 22115 | E28: 48788 | F28: 38158 | G28: 47471 | H28: 83244 | I28: 87570 | J28: 68927 | K28: 35397 | L28: 47612 | M28: 26815 | N28: =SUM(B29:D29) -> 79016 | O28: =SUM(E29:G29) -> 180456 | P28: =SUM(H29:J29) -> 143103 | Q28: =SUM(K29:M29) -> 131836 | R28: =SUM(B29:M29) -> 534411
A29: G&A | B29: 48328 | C29: 16521 | D29: 14167 | E29: 36428 | F29: 88055 | G29: 55973 | H29: 41104 | I29: 61959 | J29: 40040 | K29: 35696 | L29: 59678 | M29: 36462 | N29: =SUM(B28:D28) -> 119858 | O29: =SUM(E28:G28) -> 134417 | P29: =SUM(H28:J28) -> 239741 | Q29: =SUM(K28:M28) -> 109824 | R29: =SUM(B28:M28) -> 603840
A30: R&D | B30: 89339 | C30: 71677 | D30: 29227 | E30: 58331 | F30: 84986 | G30: 25413 | H30: 17324 | I30: 62386 | J30: 84922 | K30: 80449 | L30: 69160 | M30: 49790 | N30: =SUM(B30:D30) -> 190243 | O30: =SUM(E30:G30) -> 168730 | P30: =SUM(H30:J30) -> 164632 | Q30: =SUM(K30:M30) -> 199399 | R30: =SUM(B30:M30) -> 723004
A31: Total Operating Expenses | B31: =SUM(B28:B30) -> 179729 | C31: =SUM(C28:C30) -> 143879 | D31: =SUM(D28:D30) -> 65509 | E31: =SUM(E28:E30) -> 143547 | F31: =SUM(F28:F30) -> 211199 | G31: =SUM(G28:G30) -> 128857 | H31: =SUM(H28:H30) -> 141672 | I31: =SUM(I28:I30) -> 211915 | ... R31: =SUM(R28:R30) -> 1861255
A33: Total Net Income | B33: =B25-B31 -> -286098 | C33: =C25-C31 -> -215423 | D33: =D25-D31 -> -76214 | E33: =E25-E31 -> -210373 | F33: =F25-F31 -> -341398 | G33: =G25-G31 -> -143118 | H33: =H25-H31 -> -161872 | I33: =I25-I31 -> -255542 | ... R33: =R25-R31 -> -2602346
A36: Useless stuff at the bottom of an exported report…. HIDE THIS ROW!

Sheet Southwest
A1: The ABC Company
A2: Detailed Income Statement
A3: Group: West
A4: Southwest Region
A5: For the 12 Months Ending December 31, 2015
B8: Jan | C8: Feb | D8: Mar | E8: Apr | F8: May | G8: Jun | H8: Jul | I8: Aug | J8: Sep | K8: Oct | L8: Nov | M8: Dec | N8: Q1 | O8: Q2 | P8: Q3 | Q8: Q4 | R8: YTD
A10: Revenue:
A11: A Revenue | B11: 140301 | C11: 100699 | D11: 134553 | E11: 145022 | F11: 131814 | G11: 142266 | H11: 123381 | I11: 108002 | J11: 111961 | K11: 114517 | L11: 123625 | M11: 134310 | N11: =SUM(B11:D11) -> 375553 | O11: =SUM(E11:G11) -> 419102 | P11: =SUM(H11:J11) -> 343344 | Q11: =SUM(K11:M11) -> 372452 | R11: =SUM(B11:M11) -> 1510451
A12: B Revenue | B12: 111042 | C12: 113653 | D12: 139051 | E12: 146783 | F12: 104537 | G12: 129752 | H12: 116781 | I12: 116851 | J12: 113890 | K12: 127029 | L12: 122985 | M12: 123253 | N12: =SUM(B12:D12) -> 363746 | O12: =SUM(E12:G12) -> 381072 | P12: =SUM(H12:J12) -> 347522 | Q12: =SUM(K12:M12) -> 373267 | R12: =SUM(B12:M12) -> 1465607
A13: C Revenue | B13: 112566 | C13: 129920 | D13: 111184 | E13: 110469 | F13: 125205 | G13: 129197 | H13: 145130 | I13: 106630 | J13: 121717 | K13: 123446 | L13: 122710 | M13: 142621 | N13: =SUM(B13:D13) -> 353670 | O13: =SUM(E13:G13) -> 364871 | P13: =SUM(H13:J13) -> 373477 | Q13: =SUM(K13:M13) -> 388777 | R13: =SUM(B13:M13) -> 1480795
A14: Total Revenue | B14: =SUM(B11:B13) -> 363909 | C14: =SUM(C11:C13) -> 344272 | D14: =SUM(D11:D13) -> 384788 | E14: =SUM(E11:E13) -> 402274 | F14: =SUM(F11:F13) -> 361556 | G14: =SUM(G11:G13) -> 401215 | H14: =SUM(H11:H13) -> 385292 | I14: =SUM(I11:I13) -> 331483 | ... R14: =SUM(R11:R13) -> 4456853
A16: Cost of Goods Sold:
A17: A Costs
A18: A1 Costs | B18: 43589 | C18: 73662 | D18: 16302 | E18: 77143 | F18: 62188 | G18: 53975 | H18: 57826 | I18: 23448 | J18: 11895 | K18: 18411 | L18: 60198 | M18: 49244 | N18: =SUM(B18:D18) -> 133553 | O18: =SUM(E18:G18) -> 193306 | P18: =SUM(H18:J18) -> 93169 | Q18: =SUM(K18:M18) -> 127853 | R18: =SUM(B18:M18) -> 547881
A19: A2 Costs | B19: 18572 | C19: 66170 | D19: 85088 | E19: 53507 | F19: 46634 | G19: 59632 | H19: 43937 | I19: 42730 | J19: 61464 | K19: 35243 | L19: 65849 | M19: 71462 | N19: =SUM(B19:D19) -> 169830 | O19: =SUM(E19:G19) -> 159773 | P19: =SUM(H19:J19) -> 148131 | Q19: =SUM(K19:M19) -> 172554 | R19: =SUM(B19:M19) -> 650288
A20: Total A Costs | B20: =SUM(B18:B19) -> 62161 | C20: =SUM(C18:C19) -> 139832 | D20: =SUM(D18:D19) -> 101390 | E20: =SUM(E18:E19) -> 130650 | F20: =SUM(F18:F19) -> 108822 | G20: =SUM(G18:G19) -> 113607 | H20: =SUM(H18:H19) -> 101763 | I20: =SUM(I18:I19) -> 66178 | ... M20: =SUM(M18:M19) -> 120706 | N20: =SUM(B20:D20) -> 303383 | O20: =SUM(E20:G20) -> 353079 | P20: =SUM(H20:J20) -> 241300 | Q20: =SUM(K20:M20) -> 300407 | R20: =SUM(B20:M20) -> 1198169
A21: B Costs | B21: 22558 | C21: 43062 | D21: 23459 | E21: 49522 | F21: 58120 | G21: 57912 | H21: 61890 | I21: 21165 | J21: 26449 | K21: 29217 | L21: 63210 | M21: 81144 | N21: =SUM(B21:D21) -> 89079 | O21: =SUM(E21:G21) -> 165554 | P21: =SUM(H21:J21) -> 109504 | Q21: =SUM(K21:M21) -> 173571 | R21: =SUM(B21:M21) -> 537708
A22: C Costs | B22: 26157 | C22: 75887 | D22: 18858 | E22: 31832 | F22: 22840 | G22: 53225 | H22: 89778 | I22: 87580 | J22: 72474 | K22: 33108 | L22: 11905 | M22: 17282 | N22: =SUM(B22:D22) -> 120902 | O22: =SUM(E22:G22) -> 107897 | P22: =SUM(H22:J22) -> 249832 | Q22: =SUM(K22:M22) -> 62295 | R22: =SUM(B22:M22) -> 540926
A23: Total COGS | B23: =SUM(B20:B22) -> 110876 | C23: =SUM(C20:C22) -> 258781 | D23: =SUM(D20:D22) -> 143707 | E23: =SUM(E20:E22) -> 212004 | F23: =SUM(F20:F22) -> 189782 | G23: =SUM(G20:G22) -> 224744 | H23: =SUM(H20:H22) -> 253431 | I23: =SUM(I20:I22) -> 174923 | ... R23: =SUM(R20:R22) -> 2276803
A25: Total Gross Profit | B25: =B14-B23 -> 253033 | C25: =C14-C23 -> 85491 | D25: =D14-D23 -> 241081 | E25: =E14-E23 -> 190270 | F25: =F14-F23 -> 171774 | G25: =G14-G23 -> 176471 | H25: =H14-H23 -> 131861 | I25: =I14-I23 -> 156560 | ... R25: =R14-R23 -> 2180050
A27: Operating Expenses:
A28: Sales & Marketing | B28: 21266 | C28: 40098 | D28: 60493 | E28: 70195 | F28: 37615 | G28: 26819 | H28: 37125 | I28: 20993 | J28: 33696 | K28: 74847 | L28: 17374 | M28: 50901 | N28: =SUM(B29:D29) -> 152317 | O28: =SUM(E29:G29) -> 240026 | P28: =SUM(H29:J29) -> 179330 | Q28: =SUM(K29:M29) -> 229082 | R28: =SUM(B29:M29) -> 800755
A29: G&A | B29: 34392 | C29: 75980 | D29: 41945 | E29: 74050 | F29: 84366 | G29: 81610 | H29: 83355 | I29: 15859 | J29: 80116 | K29: 89943 | L29: 69688 | M29: 69451 | N29: =SUM(B28:D28) -> 121857 | O29: =SUM(E28:G28) -> 134629 | P29: =SUM(H28:J28) -> 91814 | Q29: =SUM(K28:M28) -> 143122 | R29: =SUM(B28:M28) -> 491422
A30: R&D | B30: 22513 | C30: 73502 | D30: 43487 | E30: 80317 | F30: 59244 | G30: 50549 | H30: 82755 | I30: 54572 | J30: 28879 | K30: 49120 | L30: 50971 | M30: 38461 | N30: =SUM(B30:D30) -> 139502 | O30: =SUM(E30:G30) -> 190110 | P30: =SUM(H30:J30) -> 166206 | Q30: =SUM(K30:M30) -> 138552 | R30: =SUM(B30:M30) -> 634370
A31: Total Operating Expenses | B31: =SUM(B28:B30) -> 78171 | C31: =SUM(C28:C30) -> 189580 | D31: =SUM(D28:D30) -> 145925 | E31: =SUM(E28:E30) -> 224562 | F31: =SUM(F28:F30) -> 181225 | G31: =SUM(G28:G30) -> 158978 | H31: =SUM(H28:H30) -> 203235 | I31: =SUM(I28:I30) -> 91424 | ... R31: =SUM(R28:R30) -> 1926547
A33: Total Net Income | B33: =B25-B31 -> 174862 | C33: =C25-C31 -> -104089 | D33: =D25-D31 -> 95156 | E33: =E25-E31 -> -34292 | F33: =F25-F31 -> -9451 | G33: =G25-G31 -> 17493 | H33: =H25-H31 -> -71374 | I33: =I25-I31 -> 65136 | ... R33: =R25-R31 -> 253503
A36: Useless stuff at the bottom of an exported report…. HIDE THIS ROW!

Sheet COA
A1: Accounts | B1: Type
A2: A Revenue | B2: Revenue
A3: B Revenue | B3: Revenue
A4: C Revenue | B4: Revenue
A5: A1 Costs | B5: COGS
A6: A2 Costs | B6: COGS
A7: B Costs | B7: COGS
A8: C Costs | B8: COGS
A9: Sales & Marketing | B9: Expenses
A10: G&A | B10: Expenses
A11: R&D | B11: Expenses
